 Dungeon Crawl Stone Soup version 0.15.2 (webtiles) character file.

158 GhostOklob the Cudgeler (level 5, 0/49 HPs)
             Began as a Deep Dwarf Berserker on Nov 7, 2015.
             Was a Priest of Trog.
             Slain by Grinder (1 damage)
             ... on Level 3 of the Dungeon.
             The game lasted 00:02:47 (1918 turns).

GhostOklob the Cudgeler (Deep Dwarf Berserker)      Turns: 1918, Time: 00:02:47

HP   0/49        AC  4     Str 21      XL: 5   Next: 16%
MP   3/3         EV 12     Int  7      God: Trog [***...]
Gold 123         SH  0     Dex 13      Spells:  0 memorised,  4 levels left

rFire  . . .     SeeInvis .     a - +0 mace
rCold  . . .     Clarity  .     h - +0 leather armour
rNeg   . . .     rCorr    .     (no shield)
rPois  .         rRot     .     f - +0 hat
rElec  .         Spirit   .     (no cloak)
SustAb .         Warding  .     (no gloves)
rMut   .         Stasis   .     s - +0 pair of boots
Gourm  .                        (no amulet)
MR     .....                    (no ring)
                                (no ring)

@: non-regenerating, not resistant to hostile enchantments, very unstealthy
A: damage resistance, recharge devices, sense surroundings 1, slow healing 3
a: Device Recharging, Burn Spellbooks, Berserk, Trog's Hand, Renounce Religion


You were on level 3 of the Dungeon.
You worshipped Trog.
Trog was most pleased with you.
You were very full.

You visited 1 branch of the dungeon, and saw 3 of its levels.

You collected 123 gold pieces.


Innate Abilities, Weirdness & Mutations

You are resistant to damage.
You can recharge devices by infusing magical energy.
You passively map a small area around you.
You do not heal naturally.


   Skills:
 + Level 3.6 Fighting
 + Level 3.7 Maces & Flails
 + Level 3.6 Armour
 + Level 3.4 Dodging


You had 4 spell levels left.
You didn't know any spells.

Inventory:

Hand weapons
 a - a +0 mace (weapon)
Missiles
 v - 20 poisoned needles
Armour
 b - a +0 animal skin
 f - a +0 hat (worn)
 h - a +0 leather armour (worn)
 s - a +0 pair of boots (worn)
Magical devices
 c - a wand of heal wounds (3) {!d@v2}
Comestibles
 d - 6 bread rations
 g - 2 meat rations
 i - a royal jelly
Scrolls
 k - 3 scrolls of identify {unknown}
 l - 3 scrolls of amnesia {unknown}
 n - 3 scrolls of magic mapping {unknown}
 o - 2 scrolls of remove curse {unknown}
 t - a scroll of enchant armour {unknown}
 u - a scroll of teleportation {unknown}
 x - a scroll of noise {unknown}
 y - a scroll of random uselessness {unknown}
Jewellery
 m - a cursed ring of teleportation {unknown}
Potions
 e - a potion of mutation {unknown}
 j - 2 potions of curing {unknown}
 p - 2 potions of heal wounds {unknown}
 q - a potion of restore abilities {unknown}
 r - a potion of beneficial mutation {unknown}
 w - a potion of flight {unknown}

Dungeon Overview and Level Annotations

Branches:
Dungeon (3/15)

Altars:

Annotations:
D:3 Grinder

* #........# #.#
#.# ,, ,
#.###.###.# * ,,
> #......##.# *
#####.....).).# ,
,
............####
* ,...##.....####
* *##, #........#
,,
#####.##5#.####.#
, *, ........g..#
#<# ##.##.###..#
#.# ,
*#.##...####.# ,
* #.....(.....# ,
, #.##..####### #
#..# , *,*#..# ,
#..# * #..#


You could see Grinder.


Message History

You closely miss Grinder.
Grinder is almost dead.
Grinder gestures at you.
You shrug off the repeated paralysis!
Grinder hits you!
You writhe in agony.
You writhe in agony.
You closely miss Grinder.
Grinder is almost dead.
Grinder hits you!
* * * LOW HITPOINT WARNING * * *
You writhe in agony.
* * * LOW HITPOINT WARNING * * *
You hit Grinder.
Grinder is almost dead.
Grinder gestures at you. Pain shoots through your body!
* * * LOW HITPOINT WARNING * * *
You are too injured to fight recklessly!
You are too injured to fight recklessly!
Evoke which item? (* to show all) (? for menu, Esc to quit)
This wand has no charges.
You are too injured to fight recklessly!
You are too injured to fight recklessly!
You are too injured to fight recklessly!
Use which ability? (? or * to list) Charge which item? (? for menu, Esc to quit)
Your wand of heal wounds (0) {!d@v2} glows for a moment and now has 3 charges.
Grinder hits you!
* * * LOW HITPOINT WARNING * * *
You writhe in agony.
You die...

Action                   |  1- 3 |  4- 6 || total
-------------------------+-------+-------++-------
Melee: Mace              |   107 |   143 ||   250
Invok: Trog's Hand       |       |     1 ||     1
 Abil: Device Recharging |     1 |     1 ||     2
Evoke: Wand              |     3 |     5 ||     8
  Use: Potion            |       |     1 ||     1
  Eat: Chunk             |       |     2 ||     2
       Royal jelly       |       |     1 ||     1

Vault maps used:
D:1:      scummos_arrival_simple_fountains
D:2:      first_bread, serial_curves, eino_curves_04, eino_curves_01
D:3:      lemuel_doored_altar, kennysheep_generic_room_7, uniq_iyjb,
          uniq_grinder

Notes
Turn   | Place    | Note
--------------------------------------------------------------
     0 | D:1      | GhostOklob, the Deep Dwarf Berserker, began the quest for the Orb.
     0 | D:1      | Reached XP level 1. HP: 20/20 MP: 1/1
   222 | D:1      | Reached XP level 2. HP: 21/27 MP: 2/2
   253 | D:1      | Reached skill level 3 in Fighting
   260 | D:1      | Reached XP level 3. HP: 12/34 MP: 3/3
   415 | D:1      | Acquired Trog's second power
   840 | D:2      | Reached skill level 3 in Armour
   953 | D:2      | Reached XP level 4. HP: 17/42 MP: 3/3
  1189 | D:2      | Reached skill level 3 in Dodging
  1735 | D:3      | Reached XP level 5. HP: 15/49 MP: 4/4
  1838 | D:3      | Noticed Grinder
  1839 | D:3      | Noticed Ijyb
  1880 | D:2      | Killed Ijyb
  1907 | D:3      | Paralysed by Grinder for 7 turns
  1918 | D:3      | HP: 1/49 [Grinder (8)]
  1918 | D:3      | Slain by Grinder

Vanquished Creatures
  Ijyb (D:2)
  4 adders
  A gnoll (D:1)
  A giant mite (D:1)
  6 worms (D:2)
  5 orcs (D:3)
  2 ball pythons
  2 giant cockroaches
  5 hobgoblins
  A quokka (D:2)
  4 bats
  2 giant geckos
  2 giant newts (D:2)
  7 goblins
  4 kobolds
  10 rats
57 creatures vanquished.
